 Dungeon Crawl Stone Soup version 0.31-a0-996-g3b49de5 (webtiles) character file.

Game seed: 15755058475827060445

2236481 EngineV8 the Warrior (level 27, 250/250 (260) HPs)
             Began as a Human Brigand on Nov 6, 2023.
             Was the Champion of Wu Jian.
             Escaped with the Orb
             ... and 4 runes!
             The game lasted 05:19:12 (74630 turns).

EngineV8 the Warrior (Human Brigand)               Turns: 74630, Time: 05:19:13

HP:   250/250 (260) AC: 12    Str: 17    XL:     27
MP:   43/43         EV: 28    Int: 24    God:    Wu Jian [******]
Gold: 4902          SH: 29    Dex: 27    Spells: 2/58 levels left

rFire   + . .        b - +9 demon blade (heavy)
rCold   + . .        L - +4 kite shield {rPois}
rNeg    + + .        S - +3 troll leather armour
rPois   +            (helmet restricted)
rElec   .            B - scarf {rC+ rF+}
rCorr   +            A - +2 pair of gloves {Stlth+}
SInv    .            m - +2 pair of boots
Will    ++++.        e - amulet "Lahiam" {Reflect Fragile Regen+ Str+5 SH+5}
Stlth   +++          s - ring "Reoluekk" {rN++ Dex+6}
HPRegen 2.21/turn    T - ring of the Writhing Gods {Will+ rCorr Int+5}
MPRegen 0.28/turn

%: reflection
@: lightly drained
A: antennae 1, large bone plates 1, strong-willed 1, robust 2, subdued magic 1
0: Orb of Zot
}: 4/15 runes: decaying, serpentine, slimy, silver
a: Renounce Religion, Wall Jump, Serpent's Lash, Heavenly Storm


You escaped.
You worshipped Wu Jian.
Wu Jian was exalted by your worship.
You visited 12 branches of the dungeon, and saw 54 of its levels.
You visited the Abyss 1 time.
You also visited: Trove, Bailey, Gauntlet, Ice Cave, Volcano and Wizlab.

You collected 9428 gold pieces.
You spent 4526 gold pieces at shops.

Inventory:

Hand Weapons
 a - a +3 quick blade of pain
 b - a +9 heavy demon blade (weapon)
 h - a +1 vampiric rapier
 w - the +11 Singing Sword {sonic wave}
   (You found it on level 4 of the Dungeon)
 M - a +0 spectral rapier
 W - a +4 dagger of protection
Missiles
 q - 4 curare-tipped darts (quivered) {!f}
 Q - a throwing net {!f}
Armour
 m - a +2 pair of boots (worn)
 A - a +2 pair of gloves of stealth (worn)
 B - a scarf of resistance (worn)
 L - a +4 kite shield of poison resistance (worn)
 S - a +3 troll leather armour (worn)
 Z - a +2 helmet of intelligence
Magical Staves
 d - a staff of earth
Jewellery
 e - the amulet "Lahiam" (around neck) {Reflect Fragile Regen+ Str+5 SH+5}
   (You acquired it on level 3 of the Realm of Zot)

   [amulet of reflection]

   Reflect:   It reflects blocked missile attacks.
   Str+5:     It affects your strength (+5).
   Regen+:    It increases your rate of health regeneration.
   Fragile:   It will be destroyed if unequipped.
   SH+5:      It affects your SH (+5).
 s - the ring "Reoluekk" (left hand) {rN++ Dex+6}
   (You found it on level 3 of the Depths)

   [ring of dexterity]

   Dex+6:     It affects your dexterity (+6).
   rN++:      It greatly protects you from negative energy.
 E - the ring of Ruor {Fire Dex+3 SInv}
   (You found it on level 3 of the Elven Halls)

   [ring of fire]

   Fire:      It enhances your fire magic.
   Dex+3:     It affects your dexterity (+3).
   rF+:       It protects you from fire.
   rC-:       It makes you vulnerable to cold.
   SInv:      It lets you see invisible.
 T - the ring of the Writhing Gods (right hand) {Will+ rCorr Int+5}
   (You took it off a deep elf sorcerer on level 3 of the Elven Halls)

   [ring of willpower]

   Int+5:     It affects your intelligence (+5).
   Will+:     It increases your willpower.
   rCorr:     It protects you from acid and corrosion.
 V - the ring of the Twelve Wishes {rC+ Will+}
   (You took it off a deep elf zephyrmancer on level 3 of the Elven Halls)

   [ring of willpower]

   rC+:       It protects you from cold.
   Will+:     It increases your willpower.
Wands
 r - a wand of paralysis (75)
 y - a wand of mindburst (39)
 G - a wand of light (21)
 N - a wand of digging (18)
 O - a wand of iceblast (52)
Scrolls
 c - 20 scrolls of teleportation
 i - 5 scrolls of fear
 D - 3 scrolls of butterflies
 F - 6 scrolls of revelation
 H - 6 scrolls of fog
 K - 7 scrolls of vulnerability
 U - 5 scrolls of immolation
 X - 5 scrolls of blinking
Potions
 f - 3 potions of magic
 g - 23 potions of curing
 j - 5 potions of invisibility
 n - 10 potions of enlightenment
 o - 2 potions of brilliance
 p - 10 potions of attraction
 t - 8 potions of might
 u - 3 potions of resistance
 x - 6 potions of ambrosia {!q}
 z - 9 potions of haste
 C - 10 potions of cancellation {!q}
 I - 5 potions of heal wounds
 J - 2 potions of lignification
 R - 9 potions of mutation
 Y - 2 potions of berserk rage {!q}
Miscellaneous
 k - a lightning rod (4/4)
 l - a sack of spiders
 v - a phantom mirror
 P - a condenser vane


   Skills:
 - Level 18.0 Fighting
 - Level 9.8(14.0) Short Blades
 - Level 15.7(16.8) Long Blades
 - Level 6.0 Throwing
 + Level 17.7 Dodging
 - Level 18.0 Stealth
 - Level 15.0 Shields
 - Level 16.0 Spellcasting
 - Level 5.0 Conjurations
 - Level 18.0 Hexes
 - Level 12.0 Necromancy
 - Level 12.0 Translocations
 - Level 5.0 Ice Magic
 - Level 14.0 Earth Magic
 - Level 15.0 Evocations


You had 2 spell levels left.
You knew the following spells:

 Your Spells              Type           Power      Damage    Failure   Level
a - Manifold Assault      Tloc           56%        N/A       1%          4
b - Brom's Barrelling Bo  Conj/Erth      49%        2d7       1%          4
c - Summon Guardian Gole  Hex/Summ       48%        N/A       1%          3
d - Petrify               Tmut/Erth      40%        N/A       2%          4
e - Ensorcelled Hibernat  Hex/Ice        100%       N/A       1%          2
f - Lesser Beckoning      Tloc           100%       N/A       1%          2
g - Enfeeble              Hex            34%        N/A       2%          7
o - Ozocubu's Armour      Ice            33%        N/A       1%          3
q - Stone Arrow           Conj/Erth      98%        3d13      1%          3
v - Blink                 Tloc           100%       N/A       1%          2
x - Dispel Undead         Necr           56%        3d20      1%          4
z - Sublimation of Blood  Necr           56%        N/A       1%          2
A - Apportation           Tloc           100%       N/A       1%          1
C - Confusing Touch       Hex            69%        N/A       0%          3
D - Dispersal             Tloc           28%        N/A       4%          6
L - Leda's Liquefaction   Hex/Erth       32%        N/A       1%          4
X - Passwall              Tmut/Erth      33%        N/A       1%          2

Your spell library contained the following spells:

 Spells                   Type           Power      Damage    Failure   Level
 Sandblast                Erth           100%       2d20      0%          1
 Slow                     Hex            100%       N/A       0%          1
 Jinxbite                 Hex            100%       N/A       0%          2
 Kiss of Death            Conj/Necr      100%       2d13      1%          1
 Magic Dart               Conj           100%       1d8       1%          1
 Necrotise                Necr           100%       1d9       1%          1
 Shock                    Conj/Air       96%        1d9       1%          1
 Cigotuvi's Dreadful Rot  Necr/Pois/Air  58%        N/A       1%          2
 Momentum Strike          Conj/Tloc      92%        3d10      1%          2
 Sting                    Tmut/Pois      56%        1d5       4%          1
 Call Imp                 Summ           28%        N/A       7%          2
 Poisonous Vapours        Pois/Air       28%        N/A       7%          2
 Tukima's Dance           Hex            69%        N/A       0%          3
 Frozen Ramparts          Ice            66%        1d10      1%          3
 Gell's Gravitas          Tloc           56%        N/A       1%          3
 Hailstorm                Conj/Ice       33%        3d8       1%          3
 Inner Flame              Hex/Fire       48%        N/A       1%          3
 Teleport Other           Tloc           56%        N/A       1%          3
 Vampiric Draining        Necr           56%        2d10      1%          3
 Volatile Blastmotes      Fire/Tloc      72%        2d16      1%          3
 Anguish                  Hex/Necr       31%        N/A       1%          4
 Animate Dead             Necr           56%        N/A       1%          4
 Cause Fear               Hex            34%        N/A       1%          4
 Dimensional Bullseye     Hex/Tloc       31%        N/A       1%          4
 Fulminant Prism          Conj/Hex       27%        3d14      1%          4
 Iskenderun's Mystic Bla  Conj/Tloc      46%        2d10      1%          4
 Passage of Golubria      Tloc           56%        N/A       1%          4
 Agony                    Necr           56%        N/A       1%          5
 Borgnjor's Vile Clutch   Necr/Erth      29%        N/A       1%          5
 Lee's Rapid Deconstruct  Erth           30%        3d16*     1%          5
 Metabolic Englaciation   Hex/Ice        27%        N/A       1%          5
 Animate Armour           Summ/Erth      80%        N/A       2%          4
 Vhi's Electric Charge    Tloc/Air       72%        N/A       3%          4
 Silence                  Hex/Air        24%        N/A       3%          5
 Yara's Violent Unravell  Hex/Tmut       24%        3d11      3%          5
 Mephitic Cloud           Conj/Pois/Air  20%        N/A       7%          3
 Ignite Poison            Fire/Tmut/Pois 14%        N/A       14%         3
 Swiftness                Air            14%        N/A       14%         3
 Bombard                  Conj/Erth      24%        9d5       16%         6
 Flame Wave               Conj/Fire      24%        2d8       17%         4
 Summon Ice Beast         Ice/Summ       24%        N/A       17%         4
 Iskenderun's Battlesphe  Conj           33%        2d9       17%         5
 Discord                  Hex            34%        N/A       21%         8
 Simulacrum               Ice/Necr       23%        N/A       22%         6
 Freezing Cloud           Conj/Ice/Air   13%        6-21      34%         5
 Airstrike                Air            7%         2d(1-17)  45%         4
 Olgreb's Toxic Radiance  Pois           14%        N/A       45%         4
 Summon Lightning Spire   Summ/Air       14%        N/A       45%         4
 Arcjolt                  Conj/Air       12%        1d22      45%         5
 Fireball                 Conj/Fire      12%        3d7       45%         5
 Irradiate                Conj/Tmut      12%        3d15      45%         5
 Alistair's Intoxication  Tmut/Pois      9%         N/A       82%         5
 Infestation              Necr           28%        N/A       94%         8
 Conjure Ball Lightning   Conj/Air       12%        3x3d6     96%         6
 Haunt                    Necr/Summ      18%        N/A       98%         7
 Orb of Destruction       Conj           16%        9d7       99%         7
 Ozocubu's Refrigeration  Ice            16%        4d11      99%         7
 Eringya's Noxious Bog    Tmut/Pois      7%         4d6       100%        6
 Spellforged Servitor     Conj/Summ      12%        N/A       100%        7
 Ignition                 Fire           7%         3d4       100%        8
 Lehudib's Crystal Spear  Conj/Erth      24%        10d7      100%        8
 Maxwell's Capacitive Co  Air            7%         ∞         100%        8
 Death's Door             Necr           28%        N/A       100%        9
 Dragon's Call            Summ           7%         N/A       100%        9
 Fire Storm               Conj/Fire      12%        8d3       100%        9


Dungeon Overview and Level Annotations

Branches:
Dungeon (15/15)            Temple (1/1) D:4            Lair (5/5) D:11
  Swamp (4/4) Lair:3        Snake (4/4) Lair:3        Slime (5/5) Lair:5
    Orc (2/2) D:10            Elf (3/3) Orc:2        Vaults (5/5) D:14
  Crypt (0/3) Vaults:2     Depths (4/4) D:15           Hell (visited)
    Geh (0/7) Hell            Zot (5/5) Depths:4     Bailey (visited)
  IceCv (visited)         Volcano (visited)          WizLab (visited)
Gauntlet (visited)
    Dis: Hell:1         Coc: Hell:1         Tar: Hell:1

Altars:
Ashenzari
Cheibriados
Dithmenos
Elyvilon
Fedhas
Gozag
Hepliaklqana
Kikubaaqudgha
Makhleb
Nemelex Xobeh
Okawaru
Qazlal
Ru
Sif Muna
Trog
Uskayaw
Vehumet
Wu Jian
Xom
Yredelemnul
Zin
The Shining One
Jiyva

Shops:
D:10 (   Orc:2 (![(   Elf:2 [   Elf:3 :   Vaults:1 [[   Vaults:2 [[?
Vaults:5 *   Depths:4 ::=*

Portals:
Hell: Depths:1 Depths:2 Depths:3 Depths:4
Abyss: Depths:3 Depths:4
Pandemonium: Depths:2 Depths:4
Ziggurat: Depths:2

Annotations:
Depths:3 exclusion: downstairs


Innate Abilities, Weirdness & Mutations

You have a pair of small antennae on your head.
You are partially covered in large bone plates. (SH +4)
You are strong-willed. (Will+)
You are very robust. (+20% HP)
Your spells are a little easier to cast, but a little less powerful.


Message History

The sphere of damnation explodes!
The damnation engulfs you!!
You take 32 damage, and have 217/249 hp.
You now have 35/43 mp.
Casting: Manifold Assault (safe; 1% risk of failure)
Confirm with . or Enter, or press ? or * to list all spells.
Space momentarily warps into an impossible shape!
You slice the hellion like a ripe choko!!!
You kill the hellion!
The Council accepts your kill.
You regained 3 hp, and now have 220/249 hp.
You now have 31/43 mp.
Things that are here:
a +0 robe; a +0 dagger A cherub comes into view.
It is wielding a +3 scimitar of flaming.
There is a stone staircase leading up, spattered with blood here.
You regained 13 hp, and now have 233/249 hp.
You regained 2 mp, and now have 33/43 mp.
You climb upwards.
There is a stone staircase leading down, spattered with blood here.
You regained 5 hp, and now have 238/249 hp.
HP restored.
There is an open door here.
A hellion comes into view.
Health restored: 249 You regained 8 mp, and now have 42/43 mp.
Casting: Manifold Assault (safe; 1% risk of failure)
Confirm with . or Enter, or press ? or * to list all spells.
Space momentarily warps into an impossible shape!
You slice the hellion!!
You now have 38/43 mp.
Casting: Manifold Assault (safe; 1% risk of failure)
Confirm with . or Enter, or press ? or * to list all spells.
Space momentarily warps into an impossible shape!
You closely miss the hellion.
You now have 34/43 mp.
Casting: Manifold Assault (safe; 1% risk of failure)
Confirm with . or Enter, or press ? or * to list all spells.
Space momentarily warps into an impossible shape!
You slash the hellion!
You kill the hellion!
The Council accepts your kill.
You now have 30/43 mp.
There is an open door here.
There is an open door here.
There is a stone staircase leading up here.
You climb upwards.
There is a stone staircase leading down here.
There is a stone staircase leading up here.
There is a stone staircase leading up here.
You climb upwards.
There is a stone staircase leading down here.
Magic restored.
There is a shaft here.
There is a stone staircase leading up here.
You climb upwards.
There is a stone staircase leading down here.
There is a stone staircase leading up here.
You climb upwards.
There is a stone staircase leading down here.
There is a stone staircase leading up here.
You climb upwards.
There is a stone staircase leading down here.
A demonic crawler comes into view.
Health restored: 250; MP restored: 43 Unknown command.
You carve the demonic crawler like a ham!!!
The demonic crawler is severely wounded.
You block the demonic crawler's attack. x3
You carve the demonic crawler like a ham!!!
You kill the demonic crawler!
The Council accepts your kill.
There is a stone staircase leading up here.
You climb upwards.
There is a stone staircase leading down here.
A hellion comes into view.
Casting: Manifold Assault (safe; 1% risk of failure)
Confirm with . or Enter, or press ? or * to list all spells.
Space momentarily warps into an impossible shape!
You barely miss the hellion.
You now have 39/43 mp.
Casting: Manifold Assault (safe; 1% risk of failure)
Confirm with . or Enter, or press ? or * to list all spells.
Space momentarily warps into an impossible shape!
You slice the hellion like a ripe choko!!!
You kill the hellion!
The Council accepts your kill.
You now have 35/43 mp.
There is a stone staircase leading up here.
You climb upwards.
There is a stone staircase leading down here.
There is a stone staircase leading up here.
You climb upwards.
There is a stone staircase leading down here.
There is a huge open gate here.
Magic restored.
There is an open gate here.
The orc shouts!
There is a staircase leading out of the dungeon here.
MP restored: 43 You have escaped!

........#######'''#######....#...
..###..÷#o#...........#o#....#...
..##....###..8.###.8..###..#÷.#..
..##....#~.............~#..##....
.###....#~.............~#..##....
........#~~~.........~~~#...#....
..[.....#~~~~~......~~~~#........
...)....#~~~~)~~.~~~~~~~#..#.....
).......#~~~~~~~@~~~~~~~#..#.....
........#################....####
.................)..........##
###.........................#
†)....##.#####..............#####
............................#....
.................................
.......†.......##############....
....#.....###### #....


You could see 2 orcs.

Vanquished Creatures
  Dissolution (Slime:2)
  the Royal Jelly (Slime:5)
  9 orbs of fire
  4 dread liches
  8 ancient liches
  A juggernaut (Depths:4)
  Boris (Vaults:3)
  4 Killer Klowns
  Saint Roka (Vaults:3)
  A Head Instructor (WizLab)
  3 curse toes
  Geryon (Hell)
  7 golden dragons
  A bone dragon (Depths:4)
  Nikola (Snake:1)
  3 electric golems
  Rupert (D:15)
  A walking crystal tome (Depths:1)
  17 tentacled monstrosities
  An Ice Fiend (Zot:2)
  Zenata (Vaults:3)
  Asterion (Vaults:2)
  A walking divine tome (Depths:2)
  25 Orb Guardians (Zot:5)
  A lich (Depths:1)
  11 titans
  21 acid blobs
  5 sphinxes
  4 deep elf master archers (Elf:3)
  3 deep elf blademasters
  14 death cobs
  3 quicksilver dragons
  2 Executioners
  7 tengu reavers
  3 thorn hunters
  Aizul (Snake:1)
  2 tentacled starspawn (Abyss:3)
  14 rockslimes
  7 draconian monks
  16 storm dragons
  18 shadow dragons
  2 fenstrider witches (Swamp:4)
  8 nagarajas (Snake:4)
  12 azure jellies
  8 draconian knights
  6 deep elf sorcerers
  10 frost giants
  5 fire giants
  An iron dragon (Depths:3)
  20 vault wardens
  3 deep elf elementalists
  3 ghost moths
  The ghost of Qagg the Unseen, an adept KoBe of Trog (Swamp:1)
  Louise (D:15)
  4 draconian stormcallers
  4 balrugs
  8 draconian scorchers
  2 orc warlords
  A draconian annihilator (Zot:1)
  A juggernaut zombie (Hell)
  10 draconian shifters
  13 quicksilver oozes
  19 ironbound preservers
  A reaper (Depths:2)
  2 war gargoyles (Vaults:2)
  11 very ugly things
  5 formless jellyfish
  A cacodemon (Depths:1)
  13 stone giants
  2 vampire knights
  7 ironbound thunderhulks
  The ghost of PurpleRed the Fencer, a journeyman DEDe of Okawaru (D:13)
  Azrael (Snake:1)
  9 black draconians
  4 eleionomae
  12 yellow draconians
  9 red draconians
  15 green draconians
  Nessos (D:12)
  3 putrid mouths
  5 bunyips
  10 deep elf demonologists
  16 purple draconians
  8 deep elf annihilators
  19 white draconians
  A minotaur (Gauntlet)
  A green death (Depths:1)
  A spark wasp (shapeshifter) (Vaults:5)
  6 deep elf death magi (Elf:3)
  2 starcursed masses (Abyss:3)
  A dire elephant (Vaults:2)
  9 spark wasps
  A crystal guardian (Vaults:4)
  5 blizzard demons
  3 jiangshi (Depths:2)
  6 fire dragons
  15 ettins
  A merfolk impaler (Depths:1)
  Harold (D:9)
  Josephine (D:15)
  14 yaktaur captains
  3 deep elf high priests (Elf:3)
  A shambling mangrove (Swamp:3)
  A salamander tyrant (Snake:3)
  16 hydras
  4 ice dragons
  14 ogre magi
  5 rakshasas
  A hell beast (Depths:3)
  40 vault guards
  6 ironbound frosthearts
  11 great orbs of eyes
  6 centaur warriors
  8 spriggan air magi
  11 anacondas
  2 peacekeepers
  A catoblepas (D:13)
  2 death knights (Vaults:2)
  4 ghost crabs (Swamp:4)
  14 two-headed ogres
  4 alligators
  29 dancing weapons
  16 naga warriors
  5 merfolk avatars (Swamp:3)
  5 boulder beetles
  7 tengu warriors
  2 vampire magi
  3 deep troll shamans
  A demonic crawler (D:4)
  A titan zombie (Hell)
  13 naga sharpshooters
  15 death yaks
  6 deep troll earth magi
  5 spriggan berserkers
  3 occultists
  A thrashing horror (Abyss:3)
  10 sun demons
  5 hell knights
  6 shock serpents
  Sonja (D:12)
  11 deep elf knights
  A soul eater (Depths:2)
  A fire crab (Gauntlet)
  2 skysharks
  A shadow wraith (Vaults:2)
  A spectral spark wasp (Depths:3)
  3 sixfirhies
  3 goliath frogs
  A shadow demon (D:12)
  4 bunyip zombies (Swamp:4)
  3 glowing orange brains
  5 salamander mystics
  7 sea snakes
  6 spriggan druids
  46 deep trolls
  12 arcanists
  A deep troll (shapeshifter) (Vaults:5)
  An orb spider (shapeshifter) (Depths:4)
  A flayed ghost (Vaults:1)
  9 swamp dragons
  13 ironbound convokers
  8 bog bodies
  An obsidian statue (Zot:5)
  11 deep elf archers
  5 phantasmal warriors
  2 naga ritualists
  An orange crystal statue (Depths:1)
  8 lindwurms
  9 harpies
  10 necromancers
  29 ugly things
  5 mana vipers
  12 orc knights
  17 deep elf pyromancers
  32 deep elf zephyrmancers
  3 orc sorcerers
  A shining eye (shapeshifter) (Vaults:5)
  23 moths of wrath
  15 salamanders
  8 will-o-the-wisps
  2 cyclopes
  A shining eye (Slime:5)
  9 elephants
  4 manticores
  23 vault sentinels
  2 rust devils (Hell)
  An apocalypse crab (Abyss:3)
  8 guardian serpents
  41 black mambas
  A guardian serpent (shapeshifter) (D:14)
  2 molten gargoyles (Hell)
  An orange demon (Hell)
  19 naga magi
  An eye of devastation (shapeshifter) (Vaults:5)
  3 smoke demons
  A gargoyle (D:13)
  A torpor snail (Lair:4)
  14 cane toads
  3 centaur skeletons (D:15)
  Psyche (D:9)
  6 rime drakes
  3 hellions
  2 unseen horrors (D:13)
  15 komodo dragons
  2 kobold demonologists (D:11)
  4 efreet
  43 yaktaurs
  5 ice devils
  4 tengu conjurers
  4 freezing wraiths
  A bunyip simulacrum (Abyss:3)
  An anaconda simulacrum (Hell)
  3 ancient zymes (Abyss:3)
  8 trolls
  The ghost of qlqlql the Chopper, an amateur MiFi (D:3)
  A red devil (Hell)
  3 meliai (D:13)
  A hellwing (Abyss:3)
  11 tyrant leeches
  3 bloated husks
  8 polar bears (Lair:5)
  12 hornets
  3 glass eyes
  6 raiju (Abyss:3)
  20 blink frogs
  7 dream sheep (Lair:5)
  A centaur simulacrum (D:15)
  9 large abominations (Abyss:3)
  15 wyverns
  76 slime creatures
  23 spriggans
  7 shadows
  5 air elementals
  3 flying skulls (Abyss:3)
  3 vampires
  8 wraiths
  A culicivora (shapeshifter) (Vaults:2)
  A yak (shapeshifter) (Elf:1)
  6 ynoxinuls
  4 humans
  6 fire bats
  2 water elementals
  Grum (Lair:1)
  34 yaks
  A hog (shapeshifter) (D:14)
  An alligator snapping turtle simulacrum (Hell)
  3 fire elementals
  9 basilisks
  A death yak simulacrum (IceCv)
  7 golden eyes
  A steam dragon (D:8)
  3 neqoxecs
  12 vampire mosquitoes
  10 wargs (Orc:2)
  22 swamp worms
  5 hell hounds (Snake:1)
  46 nagas
  5 acid dragons
  A naga zombie (Abyss:3)
  25 water moccasins
  8 black bears
  54 orc warriors
  2 ice beasts
  2 sky beasts
  A spriggan simulacrum (Swamp:4)
  9 swamp drakes (Swamp:4)
  16 ogres
  15 centaurs
  32 wolves
  A centaur (shapeshifter) (D:13)
  4 boggarts (Lair:5)
  A swamp dragon skeleton (Swamp:4)
  A phantom (D:6)
  6 kobold brigands
  16 bullfrogs
  A gnoll sergeant (Orc:1)
  5 scorpions
  5 wights (D:9)
  2 cane toad simulacra (IceCv)
  2 earth elementals (Elf:3)
  17 killer bees
  A howler monkey (shapeshifter) (D:13)
  10 electric eels
  2 howler monkeys
  A crimson imp (Abyss:3)
  2 jellies (Lair:5)
  A quasit (Abyss:3)
  3 hounds
  16 orc priests
  Crazy Yiuf (D:4)
  An iron imp (Abyss:3)
  12 hell rats
  4 iguanas
  A human skeleton (D:7)
  18 orc wizards
  A polar bear simulacrum (IceCv)
  A wolf simulacrum (IceCv)
  A small abomination (Abyss:3)
  A boggart simulacrum (D:15)
  12 gnolls
  15 adders
  2 shadow imps (D:7)
  12 white imps (Lair:2)
  2 worms
  5 dart slugs
  80 orcs
  7 endoplasms
  5 giant cockroaches
  15 goblins
  8 hobgoblins
  5 quokkas
  8 ball pythons
  14 bats
  4 frilled lizards
  A jackal zombie (D:7)
  33 kobolds
  4 rats (D:1)
  2 boulders (Swamp:1)
  A lurking horror (Abyss:3)
2396 creatures vanquished.

Vanquished Creatures (collateral kills)
  6 boulders
6 creatures vanquished.

Vanquished Creatures (others)
  A black draconian (Zot:5)
  A hell hog (Hell)
  An occultist (WizLab)
  A deep elf zephyrmancer (Elf:2)
  A naga mage (Snake:4)
  An ice devil (Hell)
  A bloated husk (Swamp:1)
  A vampire mosquito (Swamp:2)
  2 swamp worms
  2 orc warriors
  11 boulders
  20 foxfires
43 creatures vanquished.

Grand Total: 2445 creatures vanquished

Notes
Turn   | Place    | Note
-------+----------+-------------------------------------------
     0 | D:1      | EngineV8 the Human Brigand began the quest for the Orb.
     0 | D:1      | Reached XP level 1. HP: 16/16 MP: 1/1
   339 | D:1      | Reached XP level 2. HP: 23/23 MP: 2/2
   542 | D:1      | Reached XP level 3. HP: 29/29 MP: 3/3
   818 | D:2      | Reached XP level 4. HP: 35/35 MP: 4/4
  1301 | D:3      | Reached XP level 5. HP: 42/42 MP: 5/5
  1365 | D:3      | Found a faded altar of an unknown god.
  1594 | D:3      | Reached skill level 1 in Evocations
  1608 | D:3      | Found a runed translucent gate.
  1608 | D:3      | Found a runed translucent gate.
  1609 | D:3      | Found a runed translucent gate.
  1611 | D:3      | Noticed qlqlql's ghost (amateur MiFi)
  1982 | D:4      | Found a staircase to the Ecumenical Temple.
  1992 | Temple   | Entered the Ecumenical Temple
  2002 | Temple   | Became a worshipper of the Wu Jian Council
  2035 | D:4      | Reached XP level 6. HP: 48/48 MP: 6/6
  2112 | D:4      | Found a runed translucent door.
  2113 | D:4      | Noticed Crazy Yiuf
  2186 | D:4      | Found a shadowy altar of Dithmenos.
  2420 | D:4      | Found the +11 Singing Sword {sonic wave}
  2535 | D:4      | Reached * piety under Wu Jian
  2793 | D:4      | Killed Crazy Yiuf
  2794 | D:4      | Reached XP level 7. HP: 54/54 MP: 7/7
  2999 | D:5      | Entered Level 5 of the Dungeon
  3021 | D:5      | Noticed an acid dragon
  3095 | D:5      | Reached skill level 5 in Fighting
  3353 | D:5      | Reached XP level 8. HP: 64/64 MP: 8/8
  3560 | D:5      | Reached skill level 5 in Stealth
  3954 | D:6      | Found a hazy altar of Hepliaklqana.
  4133 | D:6      | Found a snail-covered altar of Cheibriados.
  4196 | D:6      | Reached XP level 9. HP: 47/71 MP: 9/9
  5109 | D:6      | Reached skill level 1 in Long Blades
  5249 | D:6      | Reached ** piety under Wu Jian
  5321 | D:7      | Found a shimmering altar of Xom.
  5347 | D:7      | Reached skill level 5 in Long Blades
  5566 | D:7      | Found a flagged portal.
  5572 | Bailey   | Entered a bailey
  5618 | Bailey   | Noticed an orc warlord
  5624 | Bailey   | Reached XP level 10. HP: 80/80 MP: 10/10
  5703 | Bailey   | Found a runed translucent gate.
  5708 | Bailey   | Found a runed translucent gate.
  5709 | Bailey   | Found a runed translucent gate.
  5991 | Bailey   | Killed an orc warlord
  6021 | Bailey   | Acquired a manual of Earth Magic
  6031 | Bailey   | Learned a level 3 spell: Stone Arrow
  6111 | D:7      | Reached skill level 5 in Throwing
  6174 | D:7      | Reached skill level 1 in Earth Magic
  6397 | D:7      | Found a runed translucent door.
  6428 | D:7      | Found a basalt altar of Yredelemnul.
  6718 | D:8      | Found a shimmering blue altar of Sif Muna.
  6761 | D:8      | Found a stormy altar of Qazlal.
  6788 | D:8      | Reached *** piety under Wu Jian
  6799 | D:8      | Reached skill level 1 in Conjurations
  6800 | D:8      | Reached skill level 1 in Spellcasting
  6810 | D:8      | Reached skill level 5 in Earth Magic
  6959 | D:8      | Found a radiant altar of Vehumet.
  7088 | D:5      | Reached XP level 11. HP: 83/86 MP: 13/13
  7317 | D:8      | Found an ancient bone altar of Kikubaaqudgha.
  7591 | D:8      | Found an opulent altar of Gozag.
  8008 | D:9      | Reached **** piety under Wu Jian
  8277 | D:9      | Reached skill level 5 in Evocations
  8370 | D:9      | Noticed Harold
  8538 | D:9      | Noticed Psyche
  8542 | D:9      | Killed Psyche
  8691 | D:9      | Killed Harold
  8873 | D:10     | Entered Level 10 of the Dungeon
  8873 | D:10     | Found Jiextuhi's Weapon Shop.
  8877 | D:10     | You fall into a shaft and drop 2 floors!
  8933 | D:12     | Noticed a manticore
  9095 | D:12     | Noticed Nessos
  9099 | D:12     | Killed Nessos
  9100 | D:12     | Reached skill level 5 in Spellcasting
  9127 | D:11     | Noticed a two-headed ogre
  9577 | D:10     | Reached XP level 12. HP: 76/92 MP: 19/19
  9853 | D:10     | Reached skill level 10 in Stealth
 10419 | D:10     | Reached ***** piety under Wu Jian
 10611 | D:10     | Found a staircase to the Orcish Mines.
 10686 | D:11     | Killed a two-headed ogre
 11132 | D:11     | Noticed a soul eater
 11213 | D:11     | Found a staircase to the Lair.
 11504 | D:3      | Killed qlqlql's ghost
 11859 | D:12     | Reached skill level 10 in Fighting
 12115 | D:12     | Noticed Sonja
 12122 | D:12     | Killed Sonja
 12123 | D:12     | Reached XP level 13. HP: 103/103 MP: 20/20
 12343 | D:13     | Noticed a centaur warrior
 12395 | D:13     | Killed a centaur warrior
 12603 | D:13     | Noticed a centaur warrior
 12608 | D:13     | Noticed a catoblepas
 12609 | D:13     | Killed a centaur warrior
 12610 | D:13     | Killed a catoblepas
 12780 | D:13     | Found a runed translucent door.
 12780 | D:13     | Noticed PurpleRed's ghost (journeyman DEDe)
 13094 | D:13     | Noticed a centaur warrior
 13531 | D:14     | Reached skill level 5 in Conjurations
 13589 | D:14     | Reached skill level 10 in Earth Magic
 13754 | D:14     | Reached skill level 10 in Long Blades
 13754 | D:14     | Found a gate to the Vaults.
 13756 | D:14     | Noticed a vault guard
 13756 | D:14     | Noticed an ironbound frostheart
 13790 | D:14     | Killed a vault guard
 13793 | D:14     | Killed an ironbound frostheart
 14039 | D:14     | Learned a level 2 spell: Blink
 14161 | D:14     | Reached skill level 1 in Translocations
 14221 | D:14     | Noticed a five-headed hydra
 14440 | D:14     | Reached XP level 14. HP: 102/110 MP: 21/21
 14472 | D:15     | Entered Level 15 of the Dungeon
 15151 | D:10     | Bought a +1 demon blade of electrocution for 712 gold
                  | pieces
 15186 | Lair:3   | Identified the of Xiulog
 15186 | Lair:5   | Identified the "Cyguogg"
 15186 | Lair:5   | Identified the "Geusafu"
 15186 | Orc:1    | Entered Level 1 of the Orcish Mines
 15239 | Orc:2    | Entered Level 2 of the Orcish Mines
 16077 | Orc:2    | Reached skill level 5 in Translocations
 16595 | Orc:2    | Found Nuplidd's Distillery.
 16595 | Orc:2    | Found Veulu's Antique Weapon Emporium.
 16614 | Orc:2    | Bought a potion of heal wounds for 55 gold pieces
 16614 | Orc:2    | Bought a potion of curing for 33 gold pieces
 16614 | Orc:2    | Bought a potion of curing for 33 gold pieces
 16645 | Orc:2    | Found Jouky's Antique Armour Shop.
 16645 | Orc:2    | Found Gafomomi's Distillery.
 16677 | Orc:2    | Reached ****** piety under Wu Jian
 16680 | Orc:2    | Found a staircase to the Elven Halls.
 16978 | Orc:2    | Bought a potion of heal wounds for 80 gold pieces
 16995 | Orc:2    | Found Sirad's Antique Weapon Shop.
 17001 | Orc:2    | Bought a transparent rapier for 351 gold pieces
 17001 | Orc:2    | Identified the +5 rapier of Raporgh {antimagic, rN+} (You
                  | bought it in a shop on level 2 of the Orcish Mines)
 17228 | Lair:1   | Entered Level 1 of the Lair of Beasts
 17326 | Lair:1   | Noticed Grum
 17380 | Lair:1   | Killed Grum
 17601 | Lair:1   | Reached skill level 10 in Dodging
 18140 | Orc:2    | Bought a smoking leather armour for 224 gold pieces
 18140 | Orc:2    | Identified the +4 leather armour of the Black Skies {+Inv
                  | rC- rN+} (You bought it in a shop on level 2 of the Orcish
                  | Mines)
 18586 | Lair:2   | Found a frozen archway.
 18600 | IceCv    | Entered an ice cave
 18659 | Lair:2   | Found a gate leading to a gauntlet.
 18670 | Lair:2   | Reached XP level 15. HP: 73/120 MP: 22/22
 18675 | Gauntlet | Entered a Gauntlet
 18675 | Gauntlet | Found a transporter.
 18684 | Gauntlet | Found a transporter.
 18686 | Gauntlet | Found a transporter.
 18688 | Gauntlet | Found a transporter.
 18690 | Gauntlet | Found a large runed translucent door.
 18690 | Gauntlet | Found a large runed translucent door.
 18691 | Gauntlet | Found a large runed translucent door.
 18691 | Gauntlet | Found a large runed translucent door.
 18703 | Gauntlet | Found a transporter.
 18718 | Gauntlet | Found a transporter.
 18726 | Gauntlet | Found a transporter.
 18741 | Gauntlet | Found a transporter.
 18760 | Gauntlet | Found a transporter.
 18768 | Gauntlet | Found a large runed translucent door.
 18769 | Gauntlet | Found a large runed translucent door.
 18770 | Gauntlet | Found a large runed translucent door.
 18770 | Gauntlet | Found a large runed translucent door.
 18771 | Gauntlet | Found a runed translucent gate.
 18772 | Gauntlet | Found a transporter.
 18772 | Gauntlet | Found a runed translucent gate.
 18773 | Gauntlet | Found a runed translucent gate.
 18774 | Gauntlet | Found a large runed translucent door.
 18774 | Gauntlet | Found a large runed translucent door.
 18775 | Gauntlet | Found a large runed translucent door.
 18776 | Gauntlet | Found a large runed translucent door.
 18784 | Gauntlet | Found a transporter.
 18796 | Gauntlet | Found a transporter.
 18800 | Gauntlet | Noticed a quicksilver ooze
 18805 | Gauntlet | Found a transporter.
 18813 | Gauntlet | Found a transporter.
 18813 | Gauntlet | Found a transporter.
 18862 | Gauntlet | Found a transporter.
 18891 | Gauntlet | Found a transporter.
 18893 | Gauntlet | Found a transporter.
 18937 | Gauntlet | Found a large runed translucent door.
 18937 | Gauntlet | Found a large runed translucent door.
 18937 | Gauntlet | Found a runed translucent door.
 18937 | Gauntlet | Found a runed translucent door.
 18939 | Gauntlet | Found a large runed translucent door.
 18940 | Gauntlet | Found a large runed translucent door.
 19067 | Gauntlet | Killed a quicksilver ooze
 19074 | Gauntlet | Identified the staff of Defilement {Fly rF+ rC++ rN+ Int-5
                  | Necro}
 19079 | Gauntlet | Identified the ring of Vaeruhen {Will+ Str-5 Int+3 Dex+2
                  | Slay+3}
 19222 | Gauntlet | Identified the +6 sling of Picesk {elec, Drain rF+++
                  | Will+++ Int-5}
 19222 | Gauntlet | Identified the +3 shortbow "Ziumybof" {flame, Fragile rPois
                  | rN+ Int+3}
 19241 | Gauntlet | Identified the "Luogiudgh" (You acquired it in a Gauntlet)
 19241 | Gauntlet | Acquired the +2 helmet "Kut Ebik" {rPois}
 19879 | Lair:2   | Identified the +0 triple crossbow of Bloody Death {heavy,
                  | rN+ Str+2}
 20141 | Lair:3   | Found a staircase to the Snake Pit.
 20664 | Lair:3   | Found a blossoming altar of Fedhas.
 20782 | Lair:3   | Found a staircase to the Swamp.
 20916 | Lair:4   | Found a dark tunnel.
 20925 | Volcano  | Entered a volcano
 20988 | Volcano  | Found a radiant altar of Vehumet.
 21136 | Lair:4   | Identified the +2 hand axe "Foungad" {heavy, rF+ rC+++
                  | Int-3 Dex+3}
 21578 | Lair:4   | Found a radiant altar of Vehumet.
 21750 | Lair:5   | Entered Level 5 of the Lair of Beasts
 21759 | Lair:5   | Reached XP level 16. HP: 131/131 MP: 23/23
 21811 | Lair:5   | Found a viscous altar of Jiyva.
 21811 | Lair:5   | Found a staircase to the Slime Pits.
 22254 | Lair:5   | Reached skill level 15 in Fighting
 23421 | D:15     | Reached skill level 1 in Shields
 23423 | D:15     | Noticed Josephine
 23426 | D:15     | Killed Josephine
 23528 | D:15     | Noticed Louise
 23571 | D:15     | Reached XP level 17. HP: 142/142 MP: 17/24
 23693 | Abyss:3  | Cast into level 3 of the Abyss (Louise)
 23751 | Abyss:3  | Found a corrupted altar of Lugonu.
 23752 | Abyss:3  | Found a corrupted altar of Lugonu.
 23752 | Abyss:3  | Noticed a tentacled starspawn
 23752 | Abyss:3  | Found a corrupted altar of Lugonu.
 23774 | Abyss:3  | Killed a tentacled starspawn
 23917 | Abyss:3  | Found a corrupted altar of Lugonu.
 24089 | Abyss:3  | Noticed a tentacled monstrosity
 24112 | Abyss:3  | Killed a tentacled monstrosity
 24198 | Abyss:3  | Noticed a tentacled starspawn
 24204 | Abyss:3  | Killed a tentacled starspawn
 24243 | Abyss:3  | Noticed a tentacled starspawn
 24386 | Abyss:3  | Noticed a bone dragon
 24412 | Abyss:3  | Noticed a bone dragon
 24415 | D:15     | Escaped the Abyss
 24433 | D:15     | Killed Louise
 24491 | D:15     | Noticed Rupert
 24568 | D:15     | Found a staircase to the Depths.
 24684 | D:15     | Killed Rupert
 25260 | Orc:2    | Bought a glowing scarf for 256 gold pieces
 25650 | Orc:2    | Bought a potion of haste for 160 gold pieces
 25650 | Orc:2    | Bought a potion of enlightenment for 80 gold pieces
 25650 | Orc:2    | Bought a potion of enlightenment for 80 gold pieces
 25650 | Orc:2    | Bought a potion of curing for 48 gold pieces
 25650 | Orc:2    | Bought a potion of curing for 48 gold pieces
 25650 | Orc:2    | Bought a potion of attraction for 48 gold pieces
 25650 | Orc:2    | Bought a potion of berserk rage for 80 gold pieces
 25832 | Snake:1  | Entered Level 1 of the Snake Pit
 25857 | Snake:1  | Learned a level 4 spell: Manifold Assault
 25928 | Snake:1  | Noticed Azrael
 25935 | Snake:1  | Killed Azrael
 25937 | Snake:1  | Noticed Nikola
 25952 | Snake:1  | Killed Nikola
 26445 | Snake:1  | Identified the serpent talisman of Juon {SInv}
 26445 | Snake:1  | Noticed Aizul
 26458 | Snake:1  | Killed Aizul
 27508 | Snake:2  | Identified the +8 quarterstaff of Awkwardness {freeze,
                  | *Rage rN+ Dex+3}
 27632 | Snake:2  | Reached XP level 18. HP: 68/149 MP: 25/25
 27867 | Snake:2  | Reached skill level 15 in Stealth
 28098 | Snake:2  | Identified the +6 orcbow of the Freezing Seer {heavy, rElec
                  | rCorr Str+4 Dex-4}
 30082 | Snake:4  | Entered Level 4 of the Snake Pit
 30371 | Snake:4  | Identified the +3 pair of gloves of Supple Strength {-Tele
                  | Int+6}
 30901 | Snake:4  | Reached skill level 10 in Evocations
 30904 | Snake:4  | Learned a level 2 spell: Ensorcelled Hibernation
 30978 | Snake:4  | Learned a level 3 spell: Ozocubu's Armour
 31079 | Snake:4  | Reached skill level 1 in Hexes
 31079 | Snake:4  | Reached skill level 1 in Ice Magic
 32188 | Snake:4  | Reached XP level 19. HP: 138/155 MP: 28/28
 32525 | Snake:4  | Reached skill level 5 in Hexes
 32525 | Snake:4  | Reached skill level 5 in Ice Magic
 32658 | Snake:4  | Got a serpentine rune of Zot
 32787 | Lair:3   | Upgraded the game from 0.31-a0-995-g04711c9 to
                  | 0.31-a0-996-g3b49de5
 32944 | Swamp:4  | Identified the of Zaxoete
 32944 | Vaults:1 | Entered Level 1 of the Vaults
 32992 | Vaults:1 | Learned a level 3 spell: Confusing Touch
 33620 | Vaults:1 | Found Qevvakef's Antique Armour Boutique.
 33921 | Vaults:1 | Found Peg Raf's Armour Emporium.
 34219 | Vaults:2 | Identified the "Rec Supt"
 34248 | Vaults:2 | Found Gesitofu's Magic Scroll Shop.
 34251 | Vaults:2 | Bought a scroll of fog for 60 gold pieces
 34251 | Vaults:2 | Bought a scroll of teleportation for 45 gold pieces
 34271 | Vaults:2 | Found Paxkun's Distillery.
 34276 | Vaults:2 | Reached XP level 20. HP: 150/162 MP: 33/33
 34289 | Vaults:2 | Bought a potion of invisibility for 96 gold pieces
 34289 | Vaults:2 | Bought 2 potions of invisibility for 192 gold pieces
 34289 | Vaults:2 | Bought a potion of heal wounds for 60 gold pieces
 34289 | Vaults:2 | Bought a potion of heal wounds for 60 gold pieces
 34289 | Vaults:2 | Bought a potion of attraction for 36 gold pieces
 34289 | Vaults:2 | Bought a potion of mutation for 96 gold pieces
 34306 | Vaults:2 | Paralysed by a formless jellyfish for 1 turns
 34486 | Vaults:2 | Reached skill level 10 in Spellcasting
 34489 | Vaults:2 | Noticed Asterion
 34612 | Vaults:2 | Killed Asterion
 34745 | Vaults:2 | Identified the +4 hand axe "Wupsemm" {pain, Dex+5}
 34855 | Vaults:2 | Found Hocrucra's Armour Shoppe.
 34922 | Vaults:2 | Reached skill level 10 in Hexes
 35228 | Vaults:2 | Learned a level 2 spell: Passwall
 35486 | Vaults:2 | Identified the +4 mace "Vuso Gyu" {pain, Drain Dex+4}
 35787 | Vaults:2 | Found Deelohim's Armour Shop.
 35808 | Vaults:2 | Bought a +0 pair of gloves of stealth for 218 gold pieces
 35951 | WizLab   | Identified the of Zyvotuq
 35951 | WizLab   | Identified the "Enaocax"
 36001 | Vaults:3 | Identified the +0 scale mail "Boin" {-Tele rF+ rC+ rCorr}
 36010 | Vaults:3 | Noticed Boris
 36141 | Vaults:3 | Noticed Saint Roka
 36152 | Vaults:3 | Killed Saint Roka
 36159 | Vaults:3 | Reached XP level 21. HP: 76/168 MP: 35/35
 36170 | Vaults:3 | Learned a level 5 spell: Lee's Rapid Deconstruction
 36303 | Vaults:3 | Found a magical portal.
 36303 | Vaults:3 | Noticed Zenata
 36308 | Vaults:3 | Killed Zenata
 36338 | WizLab   | Entered Yara's Duelist Academy
 36812 | WizLab   | Noticed Gunein
 36819 | WizLab   | Killed Gunein the Head Instructor
 37389 | Vaults:3 | Reached skill level 15 in Dodging
 38005 | Vaults:3 | Killed Boris
 38547 | Vaults:2 | Found a staircase to the Crypt.
 38990 | Vaults:5 | Identified the of Gidgh
 38990 | Vaults:5 | Identified the "Inytriq"
 38990 | Crypt:3  | Identified the "Nykkaim Kaonn"
 38990 | Depths:1 | Entered Level 1 of the Depths
 40082 | Vaults:2 | Learned a level 4 spell: Leda's Liquefaction
 40326 | Depths:1 | Found a gateway to Hell.
 40807 | Depths:2 | Reached XP level 22. HP: 152/177 MP: 36/36
 41087 | Depths:2 | Found a one-way gateway to a ziggurat.
 41259 | Depths:2 | Identified the +5 spear "Cikkich" {heavy, rElec rPois Str-4
                  | Dex+2}
 41647 | Depths:2 | Learned a level 4 spell: Brom's Barrelling Boulder
 41960 | Depths:2 | Found a one-way gate leading to the halls of Pandemonium.
 42120 | Depths:3 | Identified the "Azeppurgh"
 42430 | Depths:3 | Found a one-way gate to the infinite horrors of the Abyss.
 42663 | Depths:3 | Noticed an ancient lich
 42667 | Depths:3 | Reached skill level 15 in Long Blades
 42787 | Depths:3 | Killed an ancient lich
 43093 | Depths:3 | Identified the ring "Reoluekk" {rN++ Dex+6}
 43314 | Depths:4 | Entered Level 4 of the Depths
 43326 | Depths:4 | Noticed a bone dragon
 43331 | Depths:4 | Noticed a juggernaut
 43607 | Elf:1    | Entered Level 1 of the Elven Halls
 44683 | Elf:2    | Found Yrotial's Armour Emporium.
 44738 | Elf:2    | Identified the amulet of Ydug {Faith Dex+3}
 44826 | Elf:2    | Paralysed by an air elemental for 1 turns
 44832 | Elf:2    | Reached XP level 23. HP: 173/185 MP: 38/38
 45013 | Elf:2    | Found a runed translucent gate.
 45013 | Elf:2    | Found a runed translucent gate.
 45013 | Elf:2    | Found a runed translucent gate.
 45983 | Elf:3    | Identified the "Vusamimef"
 45983 | Elf:3    | Identified the "Imeeto"
 45983 | Elf:3    | Entered Level 3 of the Elven Halls
 46093 | Elf:3    | Identified the ring "Urelissa" {rPois Slay+2}
 46804 | Elf:3    | Found Jaxzust's Book Shop.
 47821 | Elf:3    | Identified the +9 great sword of Zuhafoym {vamp, Str+4}
 47821 | Elf:3    | Identified the ring of the Twelve Wishes {rC+ Will+}
 47883 | Elf:3    | Identified the +7 arbalest of a Gauntlet {heavy, Dex+4}
 47883 | Elf:3    | Identified the +9 quarterstaff of Beogh {drain, *Corrode
                  | Dex+4}
 47883 | Elf:3    | Identified the ring of the Writhing Gods {Will+ rCorr
                  | Int+5}
 48032 | Elf:3    | Identified the +7 morningstar of Understanding {flame,
                  | rPois rF- rCorr Str-4 Dex+9}
 48043 | Elf:3    | Identified the +6 scale mail "Jagojafe" {Will- Int+4}
 48055 | Elf:3    | Identified the +5 flail "Mouqytic" {venom, rCorr Int+5
                  | Dex-3}
 48064 | Elf:3    | Identified the +9 shortbow of Defilement {flame, rC+}
 48066 | Elf:3    | Identified the ring of Ruor {Fire Dex+3 SInv}
 48072 | Elf:3    | Identified the +4 spear "Jifav" {drain, rElec rF+}
 48099 | Elf:3    | Identified the +3 sling of the Seven Wishes {flame, rElec
                  | Dex+4 Stlth-}
 49152 | Depths:3 | Learned a level 1 spell: Apportation
 49155 | Depths:3 | Learned a level 2 spell: Lesser Beckoning
 49159 | Depths:3 | Learned a level 3 spell: Summon Guardian Golem
 49443 | Swamp:1  | Entered Level 1 of the Swamp
 49454 | Swamp:1  | Found a runed translucent door.
 49455 | Swamp:1  | Noticed Qagg's ghost (adept KoBe)
 49481 | Swamp:1  | Killed Qagg's ghost
 50034 | Swamp:1  | Identified the +7 sling "Demonslayer" {heavy, rPois Dex+2}
 50280 | Swamp:2  | Reached XP level 24. HP: 125/197 MP: 14/40
 51815 | Swamp:3  | Identified the +5 chain mail of the Transparent God {-Tele
                  | Drain rCorr Int+5}
 51872 | Swamp:3  | Identified the granite talisman of the Gate {Will+ Str+3}
 52061 | Swamp:4  | Entered Level 4 of the Swamp
 52148 | Swamp:4  | Reached skill level 5 in Short Blades
 52289 | Swamp:4  | Found an ancient bone altar of Kikubaaqudgha.
 52913 | Elf:3    | Learned a level 4 spell: Dispel Undead
 53396 | Swamp:4  | Reached skill level 1 in Necromancy
 53699 | Swamp:4  | Reached skill level 10 in Translocations
 53715 | Swamp:4  | Got a decaying rune of Zot
 55315 | Vaults:4 | Reached skill level 5 in Necromancy
 55336 | Vaults:4 | Identified the talisman of death "Yniwumm" {Stlth+}
 55605 | Vaults:4 | Found a portal to a secret trove of treasure.
 55606 | Vaults:4 | Reached XP level 25. HP: 204/204 MP: 41/41
 55923 | Hell     | Entered the Vestibule of Hell
 55923 | Hell     | Noticed Geryon
 55929 | Hell     | Gained mutation: Your body sometimes deteriorates upon
                  | taking damage. [a cacodemon]
 55942 | Depths:1 | Lost mutation: Your body sometimes deteriorates upon taking
                  | damage. [potion of mutation]
 55942 | Depths:1 | Gained mutation: Your system is resistant to poisons.
                  | (rPois) [potion of mutation]
 55942 | Depths:1 | Gained mutation: You have sharp fingernails. [potion of
                  | mutation]
 55942 | Depths:1 | Gained mutation: You are partially covered in iridescent
                  | scales. (AC +2) [potion of mutation]
 56377 | Hell     | Killed Geryon
 56606 | Hell     | Found a gateway to the ashen valley of Gehenna.
 56905 | Vaults:4 | You paid a toll of the horn of Geryon to enter a treasure
                  | trove
 56906 | Trove    | Entered a treasure trove
 56911 | Trove    | Found the brooch of Shielding {Spirit SH+8}
 56919 | Trove    | Identified the amulet "Qikit" {Acrobat Harm rC+}
 56921 | Trove    | Identified the amulet of Day {Acrobat rN++}
 56949 | Trove    | Identified the +0 rapier "Duujaf" {spect, rN+}
 57048 | Vaults:2 | Bought a potion of berserk rage for 60 gold pieces
 57048 | Vaults:2 | Bought a potion of might for 48 gold pieces
 57048 | Vaults:2 | Bought a potion of might for 48 gold pieces
 58034 | Vaults:2 | Bought a scroll of enchant armour for 112 gold pieces
 58166 | Vaults:2 | Bought a +1 helmet of intelligence for 313 gold pieces
 58190 | Vaults:2 | Learned a level 6 spell: Dispersal
 58515 | Slime:1  | Entered Level 1 of the Pits of Slime
 58556 | Lair:5   | Reached skill level 15 in Spellcasting
 58671 | Slime:2  | Noticed Dissolution
 58674 | Slime:2  | Killed Dissolution
 58684 | Slime:2  | Reached skill level 5 in Shields
 58925 | Slime:3  | Paralysed by a formless jellyfish for 1 turns
 59130 | Slime:5  | Identified the "Xeuvvo"
 59130 | Slime:5  | Entered Level 5 of the Pits of Slime
 59622 | Slime:5  | Found a viscous altar of Jiyva.
 59623 | Slime:5  | Noticed the Royal Jelly
 59965 | Slime:5  | Paralysed by a formless jellyfish for 1 turns
 60347 | Slime:5  | Killed the Royal Jelly
 60627 | Slime:5  | Identified the +8 great sword "Kyecaur" {freeze, *Rage
                  | rPois rCorr}
 60641 | Slime:5  | Identified the +3 broad axe of Harmony {flame, *Rage rElec
                  | rF+ rN++}
 60664 | Slime:5  | Got a slimy rune of Zot
 60714 | Slime:5  | Learned a level 2 spell: Sublimation of Blood
 60732 | Slime:5  | Identified the staff "Tenkemiv" {rC+ Will+ Dex+2 Conj}
 60739 | Slime:5  | Identified the +5 halberd "Urucirr" {heavy, rF+ Int+7}
 61124 | Orc:2    | Bought a potion of brilliance for 64 gold pieces
 61124 | Orc:2    | Bought a potion of magic for 128 gold pieces
 61155 | Orc:2    | Bought a potion of ambrosia for 88 gold pieces
 61155 | Orc:2    | Bought 2 potions of lignification for 66 gold pieces
 61155 | Orc:2    | Bought a potion of mutation for 88 gold pieces
 61429 | Vaults:5 | Entered Level 5 of the Vaults
 61429 | Vaults:5 | Noticed a dread lich
 61449 | Vaults:5 | Noticed an ancient lich
 61585 | Vaults:5 | Noticed an ancient lich
 61596 | Vaults:5 | Killed an ancient lich
 61596 | Vaults:5 | Reached XP level 26. HP: 201/211 MP: 13/42
 61692 | Vaults:5 | Noticed a dread lich
 61705 | Vaults:5 | Killed a dread lich
 61706 | Vaults:5 | Reached skill level 10 in Shields
 61843 | Vaults:5 | Noticed an ancient lich
 61867 | Vaults:5 | Killed an ancient lich
 61892 | Vaults:5 | Killed a dread lich
 61988 | Vaults:5 | Noticed an ancient lich
 61989 | Vaults:5 | Found Cuseoc's General Store.
 61994 | Vaults:5 | Killed an ancient lich
 61995 | Vaults:5 | Reached skill level 10 in Necromancy
 62008 | Vaults:5 | Bought a potion of curing for 45 gold pieces
 62008 | Vaults:5 | Bought a scroll of teleportation for 45 gold pieces
 62082 | Vaults:5 | Identified the +9 glaive "Demonbane" {venom, Str+3}
 62676 | Vaults:5 | Identified the +10 orcbow of the Final Decision {flame,
                  | *Corrode Str+9 Int-2 SInv}
 62684 | Vaults:5 | Killed an ancient lich
 62819 | Vaults:5 | Got a silver rune of Zot
 63174 | Vaults:5 | Identified the staff of Hunwal {rC+ Will++ Str-5 Ice}
 63669 | D:13     | Killed PurpleRed's ghost
 64221 | Depths:4 | Reached skill level 15 in Shields
 64258 | Depths:4 | Reached XP level 27. HP: 179/214 MP: 9/42
 64400 | Depths:4 | Found Efihiph's Jewellery Shop.
 64400 | Depths:4 | Found Vukaocar's Book Shoppe.
 64401 | Depths:4 | Found Buahur's Book Shoppe.
 65394 | Depths:4 | Reached skill level 15 in Evocations
 65699 | Vaults:5 | Learned a level 4 spell: Petrify
 66038 | Depths:4 | Found a gate to the Realm of Zot.
 66047 | Depths:4 | Killed a juggernaut
 66253 | Depths:4 | Found Yjovvirphe's Assorted Antiques.
 66261 | Depths:4 | Bought a scroll of teleportation for 54 gold pieces
 66261 | Depths:4 | Bought a scroll of immolation for 72 gold pieces
 66261 | Depths:4 | Bought a potion of ambrosia for 144 gold pieces
 66591 | Zot:1    | Entered Level 1 of the Realm of Zot
 66775 | Zot:1    | Noticed an orb of fire
 66790 | Zot:1    | Gained mutation: You have hidden genetic defects. [an orb
                  | of fire]
 66795 | Zot:1    | Killed an orb of fire
 67011 | Zot:1    | Noticed a dread lich
 67036 | Zot:1    | Noticed a Killer Klown
 67041 | Zot:1    | Killed a dread lich
 67223 | Zot:1    | Killed a Killer Klown
 67383 | Zot:1    | Gained mutation: Your body sometimes deteriorates upon
                  | taking damage. [hidden defects]
 67387 | Zot:1    | Lost mutation: You have sharp fingernails. [potion of
                  | mutation]
 67387 | Zot:1    | Lost mutation: You have hidden genetic defects. [potion of
                  | mutation]
 67387 | Zot:1    | Lost mutation: Your system is resistant to poisons. (rPois)
                  | [potion of mutation]
 67387 | Zot:1    | Gained mutation: You are robust. (+10% HP) [potion of
                  | mutation]
 68493 | Zot:2    | Noticed an orb of fire
 69851 | Zot:2    | Killed an orb of fire
 70576 | Zot:3    | Acquired the amulet "Lahiam" {Reflect Fragile Regen+ Str+5
                  | SH+5}
 71131 | Zot:3    | Reached skill level 15 in Hexes
 72212 | Zot:4    | Found a blossoming altar of Fedhas.
 72474 | Zot:5    | Entered Level 5 of the Realm of Zot
 72567 | Zot:5    | Learned a level 7 spell: Enfeeble
 73054 | Zot:5    | Identified the ring "Mad Nuth" {Ice Str+4 Int+3}
 73062 | Zot:5    | Identified the +7 long sword of Zakamodu {flame, Will+
                  | Str+4 Int-4}
 73246 | Zot:5    | Noticed an ancient lich
 73438 | Zot:5    | Noticed a Killer Klown
 73444 | Zot:5    | Noticed a dread lich
 73445 | Zot:5    | Killed a Killer Klown
 73460 | Zot:5    | Killed a dread lich
 73507 | Zot:5    | Noticed an orb of fire
 73510 | Zot:5    | Noticed an orb of fire
 73524 | Zot:5    | Killed an orb of fire
 73525 | Zot:5    | Killed an orb of fire
 73527 | Zot:5    | Noticed an orb of fire
 73529 | Zot:5    | Gained mutation: You occasionally shout uncontrollably at
                  | your foes. [an orb of fire]
 73532 | Zot:5    | Gained mutation: You are occasionally teleported next to
                  | monsters. [an orb of fire]
 73536 | Zot:5    | Killed an orb of fire
 73540 | Zot:5    | Noticed an orb of fire
 73550 | Zot:5    | Killed an ancient lich
 73563 | Zot:5    | Killed an orb of fire
 73648 | Zot:5    | Lost mutation: Your body sometimes deteriorates upon taking
                  | damage. [potion of mutation]
 73648 | Zot:5    | Lost mutation: You are robust. (+10% HP) [potion of
                  | mutation]
 73648 | Zot:5    | Lost mutation: You are partially covered in iridescent
                  | scales. (AC +2) [potion of mutation]
 73648 | Zot:5    | Gained mutation: You are frail. (-10% HP) [potion of
                  | mutation]
 73648 | Zot:5    | Gained mutation: You passively map a small area around you.
                  | [potion of mutation]
 73648 | Zot:5    | Lost mutation: You are frail. (-10% HP) [potion of
                  | mutation]
 73648 | Zot:5    | Gained mutation: Your muscles are strong. (Str +4, Int/Dex
                  | -1) [potion of mutation]
 73650 | Zot:5    | Lost mutation: You occasionally shout uncontrollably at
                  | your foes. [potion of mutation]
 73650 | Zot:5    | Lost mutation: You passively map a small area around you.
                  | [potion of mutation]
 73650 | Zot:5    | Gained mutation: You are agile. (Dex +4, Str/Int -1)
                  | [potion of mutation]
 73650 | Zot:5    | Lost mutation: You are agile. (Dex +4, Str/Int -1) [potion
                  | of mutation]
 73650 | Zot:5    | Gained mutation: Your muscles are very strong. (Str +8,
                  | Int/Dex -2) [potion of mutation]
 73651 | Zot:5    | Lost mutation: Your muscles are very strong. (Str +8,
                  | Int/Dex -2) [potion of mutation]
 73651 | Zot:5    | Lost mutation: Your muscles are strong. (Str +4, Int/Dex
                  | -1) [potion of mutation]
 73651 | Zot:5    | Gained mutation: You are strong-willed. (Will+) [potion of
                  | mutation]
 73651 | Zot:5    | Gained mutation: You are dopey. (Int -2) [potion of
                  | mutation]
 73651 | Zot:5    | Gained mutation: Your system is resistant to poisons.
                  | (rPois) [potion of mutation]
 73673 | Zot:5    | Lost mutation: You are dopey. (Int -2) [potion of mutation]
 73673 | Zot:5    | Lost mutation: You are occasionally teleported next to
                  | monsters. [potion of mutation]
 73673 | Zot:5    | Lost mutation: Your system is resistant to poisons. (rPois)
                  | [potion of mutation]
 73673 | Zot:5    | Gained mutation: You are partially covered in large bone
                  | plates. (SH +4) [potion of mutation]
 73673 | Zot:5    | Gained mutation: You are robust. (+10% HP) [potion of
                  | mutation]
 73673 | Zot:5    | Gained mutation: You have a pair of small antennae on your
                  | head. [potion of mutation]
 73673 | Zot:5    | Gained mutation: You are very robust. (+20% HP) [potion of
                  | mutation]
 73715 | Zot:5    | Noticed an orb of fire
 73722 | Zot:5    | Noticed a Killer Klown
 73723 | Zot:5    | Killed an orb of fire
 73723 | Zot:5    | Noticed an ancient lich
 73723 | Zot:5    | Noticed a Killer Klown
 73723 | Zot:5    | Killed a Killer Klown
 73725 | Zot:5    | Noticed an orb of fire
 73726 | Zot:5    | Killed an ancient lich
 73726 | Zot:5    | Killed a Killer Klown
 73731 | Zot:5    | Noticed an orb of fire
 73739 | Zot:5    | Killed an orb of fire
 73739 | Zot:5    | Gained mutation: Your spells are a little easier to cast,
                  | but a little less powerful. [an orb of fire]
 73740 | Zot:5    | Killed an orb of fire
 73755 | Zot:5    | Noticed an ancient lich
 73761 | Zot:5    | Killed an ancient lich
 74120 | Zot:5    | Got the Orb of Zot
 74630 | D:$      | Escaped with the Orb!

Illustrated notes

Levels and vault maps discovered:
D:1:      lordsloth_arrival_two_stooges, layout_rooms, minmay_bisected
D:2:      layout_rooms
D:3:      layout_basic, ebering_ecumenical_altar_rust,
          biasface_ghost_orc_armoury
D:4:      old_forge, layout_rooms, nicolae_dithmenos_through_a_glass_darkly,
          minmay_temple_entry_wispy, uniq_crazy_yiuf_cottage
D:5:      nicolae_cairo_tiling_very_big, layout_cave_pools,
          hangedman_minor_gate_pass
D:6:      layout_gridville, kennysheep_mini, kennysheep_slug_shrine,
          serial_bayou_lagoon_b
D:7:      layout_loops_ring, mainiacjoe_overflow_24_doors,
          dk_yredelemnul_ordeal, enter_bailey_3
D:8:      layout_rooms, mainiacjoe_overflow_catwalk, overflow_temple_1_default,
          nicolae_overflow_crystal_walls, mainiacjoe_overflow_cross_hatched,
          mainiacjoe_overflow_alcove_1
D:9:      minmay_evil_eye, layout_stronghold, uniq_harold, uniq_psyche
D:10:     layout_small_grid, david_orc_4, serial_shops,
          nicolae_shop_statue_plus, serial_glass, glass_columns_b,
          glass_columns_a, glass_columns_a, glass_columns_b, glass_columns_c,
          glass_columns_a
D:11:     layout_rooms, grunt_lair_entry_orc_guard_hut
D:12:     layout_basic, uniq_nessos, uniq_sonja
D:13:     minmay_inner_zag, layout_small_grid, hellmonk_ghost_happy_afterlife,
          grunt_ministairs_10
D:14:     layout_long_grid, hellmonk_vaults_keyhole, kennysheep_cross_landing,
          serial_glass, glass_columns_c, glass_columns_a, glass_columns_c,
          glass_columns_b, glass_columns_a, glass_columns_b, glass_columns_a,
          glass_columns_b, glass_columns_b, glass_columns_c, glass_columns_a,
          glass_columns_c, glass_columns_a, glass_columns_b,
          minmay_strange_pillars, special_room [special_room_mythical_zoo],
          nrook_mini_vaults
D:15:     grunt_enter_depths_magical_seal, layout_basic, minmay_misc_feat_tiny,
          chequers_serial_rivers_room_a, minmay_misc_feat_ornament, uniq_louise,
          uniq_josephine, uniq_rupert
Temple:   hellmonk_temple_flake
Lair:1:   layout_regular_city, nicolae_quartered_pool_little,
          grunt_forest_small_clearing_treed, uniq_grum
Lair:2:   layout_hall_layers, portal_ice_cave_entry_imps,
          gauntlet_entry_generic, chequers_serial_rivers_micro_c, st_stairs_12
Lair:3:   layout_big_grid, palyth_hydra_swamp_entry,
          minmay_snake_entry_six_corridors, basic_altar, beast_lair_carwin_5
Lair:4:   layout_long_grid, nicolae_volcano_entry_lava_flow, basic_altar,
          beast_lair_carwin_6
Lair:5:   minmay_lair_end_enchanted_forest, layout_regular_city,
          minmay_slime_entry_pillars, infiniplex_staircase_pool
Swamp:1:  layout_basic_swamp, gammafunk_ghost_grave, hangedman_swamp_ruin_hall
Swamp:2:  layout_basic_swamp, evilmike_swamp_ruin_house_4
Swamp:3:  layout_basic_swamp, nicolae_swamp_ascending_descending,
          swamp_pool_1_2, grunt_lady_of_the_lake
Swamp:4:  swamp, layout_basic_swamp, swamp_pool_5, beargit_kiku_chapel
Snake:1:  layout_cave_shapes, uniq_azrael, uniq_nikola, uniq_aizul
Snake:2:  layout_basic, nicolae_integral_box, serial_bayou_shore_a
Snake:3:  layout_rooms
Snake:4:  grunt_snake_rune_pools, layout_layer_cave, st_stairs_1
Slime:1:  layout_caves, cheibrodos_slime_lost_civilization_5
Slime:2:  layout_caves, basic_altar, dissolution_awaits
Slime:3:  layout_caves
Slime:4:  layout_caves
Slime:5:  slime_pit
Orc:1:    layout_diamond_mine, special_room [special_room_orc]
Orc:2:    st_orc_town, layout_diamond_mine, basic_altar, serial_shops,
          nicolae_shop_real_fake_doors
Elf:1:    nicolae_elf_arrival_aired_out, layout_gridlike, serial_sigils,
          serial_sigils_hangedman_gut, serial_sigils_hangedman_gut,
          serial_sigils_hangedman_gut, serial_sigils_hangedman_stare,
          serial_sigils_hangedman_quiver
Elf:2:    nicolae_elf_blades_splatter_lattice [nicolae_blade_bullseye],
          layout_geoelf_diagonals, serial_shops, nicolae_shop_gibbet_a_chance
Elf:3:    minmay_elf_hall_circle, layout_gridlike, serial_shops, shop,
          nicolae_elf_vaults_five_recruitment_drive
Vaults:1: nicolae_vaults_big_angled_halls, nicolae_vaults_closet_pinwheel_5,
          vaults_room_octagon, vaults_dpeg_encased_lava, vaults_mumra_lcd,
          vaults_room_grunt_arrival_ludios, nicolae_vaults_hexular_roomagon,
          dpeg_vaults_monster_box, hangedman_vaults_capsules,
          nicolae_vaults_diffraction_hallways, nicolae_vaults_double_plus_1,
          nicolae_vaults_closet_pinwheel_4, vaults_dpeg_emergency_exit,
          layout_vaults_omnicross, serial_shops, nicolae_shop_trees
Vaults:2: vaults_room_stairs_pillars, ontoclasm_vaults_ring_large,
          st_greater_box_4, nicolae_vaults_trapezoid_lopsided_4,
          nicolae_vaults_rhombus_7, v_misc_16, dpeg_vaults_monster_row,
          nicolae_vaults_apartment_1, ontoclasm_vaults_chip,
          nicolae_vaults_two_Ls, layout_vaults_omnibox, blue_anna_dwarven_crypt,
          serial_shops, nicolae_shop_tiny_real_fake_doors,
          nicolae_shop_tiny_statue_garden, shop, shop, uniq_asterion
Vaults:3: mu_enter_wizlab_2, v_misc_1, hangedman_vaults_stream,
          hangedman_vaults_pinch, layout_vaults_quadrants, uniq_boris,
          uniq_saint_roka, uniq_zenata
Vaults:4: nicolae_vaults_twisting_passages, grunt_vaults_trifunnel,
          nicolae_vaults_cornered_office, nicolae_vaults_mitosis,
          nicolae_vaults_big_ls, nicolae_vaults_network_square, v_alt_pattern_4,
          hangedman_vaults_corner_blocks, nicolae_vaults_rhombus_6,
          nicolae_vaults_shelves_hall, nicolae_vaults_security_offices_1,
          serial_ice_g, nicolae_vaults_trapezoid_lopsided_1, layout_vaults_ring,
          nicolae_trove_entry_isolated
Vaults:5
Depths:1: layout_small_grid, pf_coc_iceberg, dpeg_stationary_puzzle,
          kennysheep_random_hallway
Depths:2: minmay_cut_squares, layout_gridlike, enter_ziggurat_a,
          grunt_pan_entry_sceptre, hell_entry, drop_trap
Depths:3: cheibrodos_quadrivalence, layout_long_grid, special_room
          [special_room_magic_class], abyss_entry_glasseish,
          grunt_mini_vestibule
Depths:4: evilmike_zot_entry_basic, layout_long_grid, serial_shops, shop,
          hell_entry, abyss_entry, pan_entry, hangedman_decor_cross_pass,
          serial_bayou_shore_b, infiniplex_staircase_pool_lava,
          minmay_shop_grove, serial_bayou_shore_b, serial_bayou_shore_b,
          uniq_grunn
Hell
Zot:1:    ebering_klown_carousel, layout_gridlike, grunt_ministairs_4,
          st_stairs_12, grunt_megastairs_3
Zot:2:    layout_twisted_circle
Zot:3:    layout_gridville, regret_index_zotdec_twisting_globes
Zot:4:    layout_misc_corridors, regret_index_zotdec_decaying_basic,
          regret_index_zotdec_wing_it, grunt_ministairs_10
Zot:5:    layout_cathedral_of_symmetry, bh_zot_levy_curve, grunt_ministairs_2

Skill      XL: |  1  2  3  4  5  6  7  8  9 10 11 12 13 14 15 16 17 18 19 20 21 22 23 24 25 26 27 |
---------------+----------------------------------------------------------------------------------+-----
Fighting       | 3 4 6 8 10 12 13 15 16 17 18 | 18.0
Throwing       | 3 4 6 |  6.0
Dodging        | 2 4 6 8 10 11 12 14 15 16 17 | 17.7
Evocations     | 2 3 5 10 14 15 | 15.0
Short Blades   | 4 7 9 |  9.8
Stealth        | 6 7 8 9 10 12 14 15 18 | 18.0
Long Blades    | 5 9 11 13 14 15 | 15.7
Earth Magic    | 5 8 10 12 14 | 14.0
Conjurations   | 1 3 5 |  5.0
Spellcasting   | 1 5 6 9 10 11 13 14 15 16 | 16.0
Translocations | 2 5 8 10 12 | 12.0
Shields        | 4 9 15 | 15.0
Hexes          | 4 8 10 18 | 18.0
Ice Magic      | 4 5 |  5.0
Necromancy     | 5 8 10 12 | 12.0

Action                     |  1- 3 |  4- 6 |  7- 9 | 10-12 | 13-15 | 16-18 | 19-21 | 22-24 | 25-27 || total
---------------------------+-------+-------+-------+-------+-------+-------+-------+-------+-------++-------
  Melee: Dagger            |   104 |   219 |    76 |    83 |   119 |    27 |    61 |    57 |    13 ||   759
         Punch             |       |     2 |       |     6 |     5 |     4 |       |       |       ||    17
         Double sword      |       |       |    58 |   255 |   569 |   771 |   753 |    79 |   262 ||  2747
         Rapier            |       |       |       |       |     5 |       |       |    10 |    41 ||    56
         Scimitar          |       |       |       |       |       |    10 |       |       |       ||    10
         Demon blade       |       |       |       |       |       |   243 |   159 |   805 |  1795 ||  3002
         Staff             |       |       |       |       |       |       |       |     1 |       ||     1
         Quick blade       |       |       |       |       |       |       |       |   154 |   852 ||  1006
  Throw: Stone             |     7 |     2 |       |       |     1 |       |       |       |       ||    10
         Dart              |     5 |    32 |    25 |    20 |    17 |    11 |     1 |       |     2 ||   113
         Boomerang         |       |       |       |     3 |     4 |       |       |       |       ||     7
         Throwing net      |       |       |       |     1 |     1 |       |       |       |       ||     2
   Cast: Stone Arrow       |       |       |       |     1 |    21 |    46 |     4 |    21 |     7 ||   100
         Blink             |       |       |       |       |     1 |     3 |       |     1 |     5 ||    10
         Ozocubu's Armour  |       |       |       |       |       |       |     7 |    10 |    20 ||    37
         Lee's Rapid Decon |       |       |       |       |       |       |    22 |    88 |     4 ||   114
         Passwall          |       |       |       |       |       |       |     7 |    22 |    29 ||    58
         Ensorcelled Hiber |       |       |       |       |       |       |     1 |    19 |    63 ||    83
         Leda's Liquefacti |       |       |       |       |       |       |     1 |     2 |     2 ||     5
         Brom's Barrelling |       |       |       |       |       |       |       |    22 |     6 ||    28
         Manifold Assault  |       |       |       |       |       |       |       |   180 |   388 ||   568
         Summon Guardian G |       |       |       |       |       |       |       |     5 |     1 ||     6
         Lesser Beckoning  |       |       |       |       |       |       |       |     4 |       ||     4
         Confusing Touch   |       |       |       |       |       |       |       |     2 |     7 ||     9
         Apportation       |       |       |       |       |       |       |       |     1 |     2 ||     3
         Sublimation of Bl |       |       |       |       |       |       |       |       |    54 ||    54
         Petrify           |       |       |       |       |       |       |       |       |    21 ||    21
         Dispel Undead     |       |       |       |       |       |       |       |       |     6 ||     6
         Enfeeble          |       |       |       |       |       |       |       |       |     2 ||     2
 Invoke: Serpent's Lash    |       |       |       |     4 |    15 |    22 |    25 |    21 |    49 ||   136
Ability: Lunge             |       |     7 |    16 |    50 |   106 |   103 |    97 |   103 |   139 ||   621
         Whirlwind         |       |       |     4 |    34 |   111 |   283 |   269 |   171 |   647 ||  1519
         Wall Jump         |       |       |       |     2 |     7 |    41 |    27 |    27 |    22 ||   126
         Evoke Invisibilit |       |       |       |       |     1 |       |       |     1 |       ||     2
  Evoke: Wand              |       |       |     5 |    12 |     8 |     3 |     3 |     1 |    10 ||    42
         Lightning rod     |       |       |       |       |       |       |       |     2 |     2 ||     4
         Phantom mirror    |       |       |       |       |       |       |       |     1 |       ||     1
         Condenser vane    |       |       |       |       |       |       |       |       |     3 ||     3
         Sack of spiders   |       |       |       |       |       |       |       |       |     1 ||     1
    Use: Scroll            |     2 |     1 |     8 |     9 |    17 |     4 |     6 |     8 |    33 ||    88
         Potion            |       |       |       |     2 |     3 |     4 |       |     5 |    27 ||    41
   Stab: Sleeping          |     5 |     8 |    13 |    23 |    45 |    18 |    47 |    95 |    95 ||   349
         Distracted        |       |       |       |     8 |     9 |    15 |     5 |     9 |     6 ||    52
         Paralysed         |       |       |       |     4 |       |       |     1 |       |     7 ||    12
         Invisible         |       |       |       |       |     1 |       |       |    26 |    40 ||    67
         Fleeing           |       |       |       |       |       |     1 |       |       |     1 ||     2
         Confused          |       |       |       |       |       |       |       |     5 |     9 ||    14
         Petrifying        |       |       |       |       |       |       |       |       |    15 ||    15
         Petrified         |       |       |       |       |       |       |       |       |    10 ||    10
         Held in net/web   |       |       |       |       |       |       |       |       |     1 ||     1
 Armour: Robe              |    12 |       |       |       |       |       |       |       |       ||    12
         Ring mail         |    39 |   118 |   101 |    49 |       |   175 |    73 |   183 |    76 ||   814
         Skin              |       |       |       |    38 |       |     7 |       |       |       ||    45
         Acid dragon scale |       |       |       |    90 |   129 |       |       |       |       ||   219
         Troll leather arm |       |       |       |    33 |   133 |   172 |   270 |   111 |   651 ||  1370
         Leather armour    |       |       |       |       |     3 |       |       |       |       ||     3
  Dodge: Dodged            |    64 |   121 |    83 |   266 |   426 |   447 |   385 |   294 |   721 ||  2807
  Block: Buckler           |       |       |       |       |       |   189 |   194 |   159 |    46 ||   588
         Kite shield       |       |       |       |       |       |       |       |       |  1332 ||  1332
         Reflection        |       |       |       |       |       |       |       |       |     3 ||     3

Table legend: (Time is in decaauts)
 A = Elapsed time spent in this place.
 B = Non-inter-level travel time spent in this place.
 C = Inter-level travel time spent in this place.
 D = Time resting spent in this place.
 E = Time spent auto-exploring this place.
 F = Levels seen in this place.
 G = Mean time per level.
                   A        B        C        D        E       F      G
               +--------+--------+--------+--------+--------+-----+--------+
         Total |  74628 |  61032 |  13596 |  17492 |  22461 |  61 | 1223.4 |
       Dungeon |  19651 |  14848 |   4803 |   3563 |   5488 |  15 | 1310.1 |
        Temple |     20 |     20 |      0 |      0 |      0 |   1 |   20.0 |
          Lair |   5850 |   4350 |   1500 |    304 |   2522 |   5 | 1170.0 |
         Swamp |   4332 |   3940 |    392 |   1704 |   1226 |   4 | 1083.0 |
     Snake Pit |   7791 |   6784 |   1007 |   2397 |   2920 |   4 | 1947.8 |
    Slime Pits |   2365 |   2271 |     94 |   1177 |    145 |   5 |  473.0 |
  Orcish Mines |   2755 |   1873 |    882 |    522 |    607 |   2 | 1377.5 |
   Elven Halls |   5096 |   4604 |    492 |   1785 |   1745 |   3 | 1698.7 |
        Vaults |  10892 |   8076 |   2816 |   1861 |   3350 |   5 | 2178.4 |
        Depths |   6274 |   5104 |   1170 |   1757 |   1923 |   4 | 1568.5 |
          Hell |    461 |    461 |      0 |    275 |      0 |   1 |  461.0 |
           Zot |   6395 |   5960 |    435 |   1413 |   2449 |   5 | 1279.0 |
         Abyss |    713 |    713 |      0 |    216 |      0 |   1 |  713.0 |
         Trove |     54 |     54 |      0 |      0 |      0 |   1 |   54.0 |
        Bailey |    475 |    475 |      0 |    131 |     84 |   1 |  475.0 |
      Ice Cave |     45 |     45 |      0 |      0 |      0 |   1 |   45.0 |
       Volcano |    183 |    183 |      0 |     27 |      0 |   1 |  183.0 |
        Wizlab |    675 |    675 |      0 |    213 |      0 |   1 |  675.0 |
      Gauntlet |    593 |    593 |      0 |    143 |      0 |   1 |  593.0 |
               +--------+--------+--------+--------+--------+-----+--------+

Top non-repeatable levels by time:
Vaults:2: 2897 daAuts
 Snake:2: 2719 daAuts
   Elf:3: 2532 daAuts
 Snake:4: 2499 daAuts
    D:14: 2337 daAuts
Vaults:3: 2180 daAuts
Vaults:1: 2158 daAuts
    D:15: 2145 daAuts
   Orc:2: 2078 daAuts
   Zot:1: 2015 daAuts
Vaults:5: 1876 daAuts
 Snake:1: 1792 daAuts
Vaults:4: 1779 daAuts
Depths:1: 1693 daAuts
Depths:3: 1661 daAuts
